[Event "DVM U20 2019"]
[Site "Braunschweig"]
[Date "2019.12.27"]
[Round "1"]
[White "Ortner, Jonas Ruben"]
[Black "Ließ, Alexander"]
[Result "0-1"]
[ECO "B90"]
[WhiteElo "1718"]
[BlackElo "1852"]
[Annotator "NA RC"]
[PlyCount "84"]
[EventDate "2019.12.27"]
[EventType "team-tourn"]
[EventRounds "7"]
[EventCountry "GER"]
[SourceTitle "playchess.com"]
[Source "ChessBase"]
[SourceQuality "1"]
[WhiteTeam "SK Bebenhausen"]
[BlackTeam "SC Bavaria Regensburg"]
[TimeControl "40/5400+30:1800+30"]

1. Nf3 c5 2. e4 d6 3. d4 cxd4 4. Nxd4 Nf6 5. Nc3 a6 6. Bc4 e6 7. Bb3 Nbd7 {[%emt 0:03:54] unterminated} 8. O-O Nc5 {[%emt 0:01:47] unterminated} 9. f3 {[%emt 0:05:40] unterminated unterminated. B86: Sicilian Scheveningen/Najdorf: 6 Bc4, without early ...b5} (9. Qe1 Be7 10. Bg5 h6 11. Bh4 g5 12. Bg3 e5 13. Nf3 Nxb3 14. axb3 Be6 15. Nd2 b5 16. f3 O-O {½-½ (40) Vocaturo,D (2626)-Vachier Lagrave,M (2780) Caleta 2019}) 9... Be7 10. Qe2 {[%emt 0:01:08] unterminated} O-O {[%emt 0:03:48] unterminated} 11. Be3 {unterminated} Qc7 12. Rad1 {[%emt 0:07:08] unterminated} b5 {[%emt 0:10:59] unterminated} 13. a3 {[%emt 0:02:20] unterminated} Bb7 {[%emt 0:08:24] unterminated} 14. Rd2 $146 {[%emt 0:09:30] unterminated} ({Predecessor:} 14. Qf2 Nxb3 15. Nxb3 d5 16. exd5 Nxd5 17. Nxd5 Bxd5 {½-½ (60) Hoen,R (2284)-Meier,W (2207) Dresden 2008}) 14... Nxb3 {[%emt 0:14:00] unterminated} 15. cxb3 {[%emt 0:07:19] unterminated} d5 16. Bf2 {[%emt 0:03:17] unterminated} Bd6 {[%emt 0:10:41] unterminated} 17. h3 {[%emt 0:05:59] unterminated} dxe4 18. fxe4 Rfd8 {[%emt 0:02:47] unterminated} 19. Nf3 Bf4 {[%emt 0:02:31] unterminated} 20. Rc2 {[%emt 0:03:58] unterminated} Rac8 {[%emt 0:01:27] unterminated} 21. Nd4 {[%emt 0:06:57] unterminated} Qe5 (21... Bh2+ $142 22. Kh1 Be5) 22. Nf3 {[%emt 0:02:50] unterminated} Qh5 23. b4 h6 24. g3 Bb8 25. Kg2 Nd7 26. g4 Qg6 27. Kh1 Ne5 28. Nh4 Qg5 29. Bg3 Nc4 30. Bxb8 Rxb8 31. Ng2 Rd7 32. Qf2 Rbd8 33. b3 Ne5 34. Nf4 Qe7 35. Qc5 Rc8 36. Qe3 Rdc7 37. Rfc1 Qg5 38. Qg3 Ng6 39. Nxg6 Qxg6 40. Qe5 {[%emt 0:00:34] unterminated} Bxe4+ {[%emt 0:01:50] unterminated} 41. Nxe4 Rxc2 {[%emt 0:00:15] unterminated} 42. Re1 $19 {[%emt 0:01:10] unterminated} Rc1 {[%emt 0:01:41] normal} 0-1

[Event "DVM U20 2019"]
[Site "Braunschweig"]
[Date "2019.12.27"]
[Round "1"]
[White "van Haaren, Laurens Jan"]
[Black "Foo, Tzun Hong"]
[Result "0-1"]
[ECO "E16"]
[WhiteElo "1482"]
[BlackElo "1829"]
[Annotator "NA RC"]
[PlyCount "46"]
[EventDate "2019.12.27"]
[EventType "team-tourn"]
[EventRounds "7"]
[EventCountry "GER"]
[SourceTitle "playchess.com"]
[Source "ChessBase"]
[SourceQuality "1"]
[WhiteTeam "SK Turm Kleve"]
[BlackTeam "Hamburger SK"]
[TimeControl "40/5400+30:1800+30"]

1. d4 Nf6 2. Nf3 e6 3. g3 b6 4. Bg2 Bb7 {[%emt 0:00:22] unterminated} 5. c4 Bb4+ {[%emt 0:00:34] unterminated} 6. Bd2 {[%emt 0:01:39] unterminated} Be7 7. O-O O-O {[%emt 0:02:42] unterminated} 8. Nc3 c6 {[%emt 0:02:26] unterminated} 9. Qc2 d5 {[%emt 0:03:32] unterminated} 10. cxd5 $11 {[%emt 0:05:12] unterminated} cxd5 {[%emt 0:06:49] unterminated} 11. Rac1 Nc6 12. a3 Na5 13. Bf4 Nc4 14. Nd2 Rc8 15. Nxc4 Rxc4 16. Qd3 Ba6 17. b4 Qd7 18. Rfd1 Rfc8 19. Qd2 Qc6 20. Na2 Qa4 21. Qb2 Rc2 22. Rxc2 Rxc2 23. Qb1 Rxa2 {[%emt 0:00:24] normal} 0-1

[Event "DVM U20 2019"]
[Site "Braunschweig"]
[Date "2019.12.27"]
[Round "2"]
[White "Roseneck, Jonas"]
[Black "Engel, Luis"]
[Result "0-1"]
[ECO "B90"]
[WhiteElo "2417"]
[BlackElo "2531"]
[Annotator "ChessBase"]
[PlyCount "102"]
[EventDate "2019.12.27"]
[EventType "team-tourn"]
[EventRounds "7"]
[EventCountry "GER"]
[SourceTitle "playchess.com"]
[Source "ChessBase"]
[SourceQuality "1"]
[WhiteTeam "SG Aufbau Elbe Magdeburg"]
[BlackTeam "Hamburger SK"]
[TimeControl "40/5400+30:1800+30"]

1. e4 c5 2. Nf3 d6 3. d4 cxd4 4. Nxd4 Nf6 5. Nc3 a6 6. Be3 e5 7. Nb3 Be6 8. f3 h5 9. Qd2 Nbd7 10. Nd5 Bxd5 11. exd5 g6 12. O-O-O Nb6 13. Kb1 Nbxd5 14. Bg5 Be7 15. c4 Nb6 16. Na5 Rb8 17. h4 Nbd7 18. Bd3 Qc7 19. Rhe1 O-O 20. g4 Rfe8 21. Nb3 Bf8 22. Rg1 e4 23. Bxf6 Nxf6 24. Bxe4 hxg4 25. Bd3 d5 26. cxd5 Rbd8 27. fxg4 Rxd5 28. g5 Nh5 29. Qc2 Qe5 30. Bc4 Rxd1+ 31. Rxd1 Nf4 32. Rd7 Re7 33. Rxe7 Qxe7 34. Nc1 Bg7 35. Ne2 Ng2 36. Qxg6 Nxh4 37. Qd3 Qxg5 38. Bd5 b5 39. a3 Ng6 40. Qb3 Ne5 41. Ka2 Qd2 42. Nc3 Nd3 43. Kb1 Bxc3 44. bxc3 Qe1+ 45. Kc2 Qe2+ 46. Kb1 Qf1+ 47. Kc2 Nc5 48. Qa2 Qd3+ 49. Kc1 Qxc3+ 50. Kd1 Kf8 51. Ke2 Nd3 {[%emt 0:01:05] normal} 0-1

[Event "DVM U20 2019"]
[Site "Braunschweig"]
[Date "2019.12.27"]
[Round "2"]
[White "Goldbeck, Lars"]
[Black "Küppers, Timo"]
[Result "1/2-1/2"]
[ECO "A48"]
[WhiteElo "2312"]
[BlackElo "2296"]
[Annotator "NA"]
[PlyCount "69"]
[EventDate "2019.12.27"]
[EventType "team-tourn"]
[EventRounds "7"]
[EventCountry "GER"]
[SourceTitle "playchess.com"]
[Source "ChessBase"]
[SourceQuality "1"]
[WhiteTeam "SC Bavaria Regensburg"]
[BlackTeam "SF Essen-Katernberg"]
[TimeControl "40/5400+30:1800+30"]

1. d4 Nf6 2. Nf3 g6 3. Bg5 Bg7 4. Nbd2 d5 5. e3 O-O 6. Be2 Nbd7 7. O-O c5 8. c3 h6 9. Bh4 b6 10. Qb3 Bb7 11. Rfd1 Rc8 12. a4 a6 13. Qa2 e6 14. Bd3 Qe7 15. Ne5 g5 16. Bg3 Nh5 17. Nxd7 Qxd7 18. Be2 Nxg3 19. hxg3 Qc7 20. a5 b5 21. Nb3 c4 22. Nc5 Rb8 23. Qb1 Bc8 24. e4 Rd8 25. exd5 exd5 26. b4 cxb3 27. Qxb3 Bf8 28. Bf3 Qd6 29. Re1 Qc6 30. Nd3 Be6 31. Ne5 Qc7 32. Bg4 Bxg4 33. Nxg4 Bg7 34. Ne3 {normal} Qd7 35. g4 1/2-1/2

[Event "DVM U20 2019"]
[Site "Braunschweig"]
[Date "2019.12.27"]
[Round "2"]
[White "Oberhofer, Cédric"]
[Black "Gorainow, Nikita"]
[Result "1-0"]
[ECO "D74"]
[WhiteElo "2260"]
[BlackElo "1946"]
[Annotator "NA"]
[PlyCount "63"]
[EventDate "2019.12.27"]
[EventType "team-tourn"]
[EventRounds "7"]
[EventCountry "GER"]
[SourceTitle "playchess.com"]
[Source "ChessBase"]
[SourceQuality "1"]
[WhiteTeam "SC Bavaria Regensburg"]
[BlackTeam "SF Essen-Katernberg"]
[TimeControl "40/5400+30:1800+30"]

1. d4 Nf6 2. c4 g6 3. Nf3 Bg7 4. g3 d5 5. cxd5 Nxd5 6. Bg2 O-O 7. O-O Nd7 8. Qc2 c6 9. Rd1 Qe8 10. e4 N5b6 11. a4 a5 12. Nc3 e5 13. d5 Nf6 14. b3 cxd5 15. Ba3 dxe4 16. Bxf8 Qxf8 17. Nxe4 Nfd5 18. Rac1 Be6 19. Nc5 Bf5 20. Qe2 Rc8 21. Nxb7 Nc3 22. Rxc3 Rxc3 23. Rd8 Rc1+ 24. Ne1 e4 25. Rxf8+ Bxf8 26. Qe3 Rd1 27. Qe2 Rc1 28. Bf1 Bb4 29. Nc2 Bh3 30. Ne3 Re1 31. Qxe1 Bxe1 32. Bxh3 {[%emt 0:00:04] normal} 1-0

[Event "DVM U20 2019"]
[Site "Braunschweig"]
[Date "2019.12.27"]
[Round "2"]
[White "Biastoch, Bennet"]
[Black "Engel, Robert"]
[Result "1-0"]
[ECO "B90"]
[WhiteElo "2242"]
[BlackElo "2075"]
[Annotator "NA"]
[PlyCount "57"]
[EventDate "2019.12.27"]
[EventType "team-tourn"]
[EventRounds "7"]
[EventCountry "GER"]
[SourceTitle "playchess.com"]
[Source "ChessBase"]
[SourceQuality "1"]
[WhiteTeam "SG Aufbau Elbe Magdeburg"]
[BlackTeam "Hamburger SK"]
[TimeControl "40/5400+30:1800+30"]

1. e4 c5 2. Nf3 d6 3. d4 cxd4 4. Nxd4 Nf6 5. Nc3 a6 6. h3 e6 7. g4 Be7 8. Be3 Nfd7 9. Bg2 Nc6 10. Qe2 Qc7 11. O-O O-O 12. Rad1 Nxd4 13. Bxd4 b5 14. e5 Rb8 15. exd6 Bxd6 16. Ne4 Be7 17. Rd3 Bb7 18. Rfd1 Bd5 19. b3 b4 20. c4 bxc3 21. Nxc3 Bxg2 22. Kxg2 Nc5 23. Bxc5 Bxc5 24. Rd7 Qf4 25. R1d3 Bb6 26. Rf3 Qb4 27. Qxa6 h5 28. Qa4 Qc5 29. Qf4 {[%emt 0:00:44] normal} 1-0

[Event "DVM U20 2019"]
[Site "Braunschweig"]
[Date "2019.12.27"]
[Round "2"]
[White "Holinka, Henning"]
[Black "Sieber, Fiona"]
[Result "1-0"]
[ECO "B56"]
[WhiteElo "2233"]
[BlackElo "2277"]
[Annotator "NA"]
[PlyCount "109"]
[EventDate "2019.12.27"]
[EventType "team-tourn"]
[EventRounds "7"]
[EventCountry "GER"]
[SourceTitle "playchess.com"]
[Source "ChessBase"]
[SourceQuality "1"]
[WhiteTeam "Hamburger SK"]
[BlackTeam "SG Aufbau Elbe Magdeburg"]
[TimeControl "40/5400+30:1800+30"]

1. e4 c5 2. Nf3 d6 3. d4 cxd4 4. Nxd4 Nf6 5. Nc3 Nc6 6. Nb3 e6 7. Bd3 Be7 8. O-O O-O 9. Be3 a6 10. f4 b5 11. a3 Bb7 12. g4 Re8 13. g5 Nd7 14. h4 Bf8 15. Qg4 Nb6 16. Rae1 d5 17. Bc1 dxe4 18. Nxe4 Nd5 19. Kh2 Qb6 20. h5 Rad8 21. g6 fxg6 22. hxg6 h6 23. c4 bxc4 24. Bxc4 a5 25. Nc3 Bc8 26. Qf3 Nxc3 27. Qxc3 Qc7 28. Be3 Qe7 29. Bc5 Qh4+ 30. Qh3 Qf6 31. Bxf8 Qxb2+ 32. Re2 Qf6 33. Bc5 a4 34. Nd2 Nd4 35. Ne4 Qxg6 36. f5 Qf7 37. Rg2 Bb7 38. f6 g6 39. Nd6 Rxd6 40. Bxd6 Bxg2 41. Qxg2 Kh7 42. Qe4 Nf5 43. Be5 Rd8 44. Rb1 Rd2+ 45. Kh3 Rd7 46. Rb8 g5 47. Kg4 Kg6 48. Qa8 h5+ 49. Kf3 g4+ 50. Kf2 g3+ 51. Ke1 Nh6 52. Rf8 Ra7 53. Qe4+ Nf5 54. Rxf7 Kxf7 55. Qxf5 {[%emt 0:00:01] normal} 1-0

[Event "DVM U20 2019"]
[Site "Braunschweig"]
[Date "2019.12.27"]
[Round "2"]
[White "Joeres, Stefan"]
[Black "Stelmaszyk, Nico"]
[Result "0-1"]
[ECO "B33"]
[WhiteElo "2201"]
[BlackElo "2194"]
[Annotator "NA"]
[PlyCount "96"]
[EventDate "2019.12.27"]
[EventType "team-tourn"]
[EventRounds "7"]
[EventCountry "GER"]
[SourceTitle "playchess.com"]
[Source "ChessBase"]
[SourceQuality "1"]
[WhiteTeam "Karlsruher SF"]
[BlackTeam "SK Lehrte 1919"]
[TimeControl "40/5400+30:1800+30"]

1. e4 c5 2. Nf3 e6 3. d4 cxd4 4. Nxd4 Nc6 5. Nc3 Nf6 6. Ndb5 d6 7. Bf4 e5 8. Bg5 a6 9. Na3 b5 10. Bxf6 gxf6 11. Nd5 Bg7 12. c3 f5 13. exf5 Bxf5 14. Nc2 O-O 15. Nce3 Be6 16. Bd3 f5 17. O-O e4 18. Nf4 Bf7 19. Bc2 Be5 20. Nfd5 f4 21. Qg4+ Bg6 22. Bxe4 fxe3 23. Nxe3 Rf4 24. Bd5+ Kh8 25. Qe2 Rc8 26. g3 Rf8 27. a4 Qb6 28. axb5 axb5 29. Bg2 Ne7 30. Kh1 b4 31. Ng4 Bh5 32. Bf3 bxc3 33. Nxe5 Bxf3+ 34. Nxf3 cxb2 35. Rae1 Qb7 36. Qxe7 b1=Q 37. Qxf8+ Rxf8 38. Rxb1 Qxf3+ 39. Kg1 d5 40. Rbd1 h5 41. h4 Re8 42. Rd4 Re2 43. Rf4 Qc3 44. Rf5 Re5 45. Rf8+ Kg7 46. Rd8 Re1 47. Rxd5 Rxf1+ 48. Kxf1 Qc4+ {[%emt 0:00:00] normal} 0-1

[Event "DVM U20 2019"]
[Site "Braunschweig"]
[Date "2019.12.27"]
[Round "2"]
[White "Flüchter, Gregor"]
[Black "McPherson, Elisha"]
[Result "1-0"]
[ECO "C01"]
[WhiteElo "2174"]
[BlackElo "1975"]
[Annotator "NA"]
[PlyCount "52"]
[EventDate "2019.12.27"]
[EventType "team-tourn"]
[EventRounds "7"]
[EventCountry "GER"]
[SourceTitle "playchess.com"]
[Source "ChessBase"]
[SourceQuality "1"]
[WhiteTeam "SF Brackel"]
[BlackTeam "SF Augsburg"]
[TimeControl "40/5400+30:1800+30"]

1. e4 e6 2. d4 d5 3. exd5 exd5 4. Nf3 Bd6 5. c4 Nf6 6. Nc3 O-O 7. Bd3 dxc4 8. Bxc4 Nbd7 9. O-O Nb6 10. Bb3 Bg4 11. Qd3 Bh5 12. Bg5 Bg6 13. Qd2 Re8 14. Nh4 Be7 15. Nxg6 hxg6 16. Rfe1 c6 17. Re2 Nfd5 18. Rae1 Bxg5 19. Rxe8+ Qxe8 20. Rxe8+ Rxe8 21. Qd1 Nf4 22. g3 Ne6 23. Ne4 Bf6 24. Qg4 Bxd4 25. Nd6 Rd8 {[%emt 0:01:19] normal} 26. Nxf7 Nd5 1-0

[Event "DVM U20 2019"]
[Site "Braunschweig"]
[Date "2019.12.27"]
[Round "2"]
[White "Schimnatkowski, Lukas"]
[Black "Schneider, Jana"]
[Result "1/2-1/2"]
[ECO "C07"]
[WhiteElo "2157"]
[BlackElo "2210"]
[Annotator "NA"]
[PlyCount "43"]
[EventDate "2019.12.27"]
[EventType "team-tourn"]
[EventRounds "7"]
[EventCountry "GER"]
[SourceTitle "playchess.com"]
[Source "ChessBase"]
[SourceQuality "1"]
[WhiteTeam "SF Essen-Katernberg"]
[BlackTeam "SC Bavaria Regensburg"]
[TimeControl "40/5400+30:1800+30"]

1. e4 e6 2. d4 d5 3. Nd2 c5 4. exd5 Qxd5 5. Ngf3 cxd4 6. Bc4 Qd6 7. O-O Nf6 8. Nb3 Nc6 9. Nbxd4 Nxd4 10. Nxd4 a6 11. Re1 Qc7 12. Bb3 Bd7 13. Bg5 Bd6 14. Bxf6 gxf6 15. Qh5 O-O-O 16. Qxf7 Bxh2+ 17. Kh1 Be5 18. Nxe6 Bxe6 19. Bxe6+ Kb8 20. Qxc7+ Kxc7 21. Rad1 Bxb2 {[%emt 0:01:00] normal} 22. Bf5 {[%emt 0:03:09] normal} 1/2-1/2

[Event "DVM U20 2019"]
[Site "Braunschweig"]
[Date "2019.12.27"]
[Round "2"]
[White "Lutz, Ruben"]
[Black "Kololli, Martin"]
[Result "0-1"]
[ECO "A45"]
[WhiteElo "2132"]
[BlackElo "2343"]
[Annotator "NA"]
[PlyCount "69"]
[EventDate "2019.12.27"]
[EventType "team-tourn"]
[EventRounds "7"]
[EventCountry "GER"]
[SourceTitle "playchess.com"]
[Source "ChessBase"]
[SourceQuality "1"]
[WhiteTeam "USV TU Dresden"]
[BlackTeam "Lübecker SV"]
[TimeControl "40/5400+30:1800+30"]

1. d4 Nf6 2. Bf4 e6 3. e3 b6 4. Nf3 Bb7 5. Nbd2 Be7 6. Bd3 Nh5 7. Bg3 d6 8. Qe2 a6 9. a4 Nd7 10. O-O O-O 11. e4 e5 12. dxe5 Nxg3 13. hxg3 dxe5 14. Nc4 Bf6 15. Rfd1 g6 16. c3 Qe7 17. Bc2 Bg7 18. g4 Rad8 19. g5 Nc5 20. b4 Ne6 21. Qe3 Rxd1+ 22. Rxd1 Bc8 23. g3 Nd8 24. Nh2 Qe6 25. Bb3 Qe7 26. a5 b5 27. Nd2 Re8 28. Ndf1 Be6 29. Bxe6 Nxe6 30. Nf3 c5 31. bxc5 Nxc5 32. Rd5 Rc8 33. N1d2 Na4 34. Nb1 Qc7 35. Rd3 {[%emt 0:00:00] normal} 0-1

[Event "DVM U20 2019"]
[Site "Braunschweig"]
[Date "2019.12.27"]
[Round "2"]
[White "Doll, Alexander"]
[Black "Thomsen, Phil"]
[Result "1-0"]
[ECO "B38"]
[WhiteElo "2127"]
[BlackElo "2147"]
[Annotator "NA"]
[PlyCount "77"]
[EventDate "2019.12.27"]
[EventType "team-tourn"]
[EventRounds "7"]
[EventCountry "GER"]
[SourceTitle "playchess.com"]
[Source "ChessBase"]
[SourceQuality "1"]
[WhiteTeam "OSG Baden-Baden"]
[BlackTeam "Sges Bensheim"]
[TimeControl "40/5400+30:1800+30"]

1. e4 c5 2. Nf3 Nc6 3. d4 cxd4 4. Nxd4 g6 5. c4 Bg7 6. Be3 Nf6 7. Nc3 O-O 8. Be2 d6 9. O-O Bd7 10. h3 Nxd4 11. Bxd4 Bc6 12. Qc2 a5 13. Rad1 Nd7 14. Bxg7 Kxg7 15. Bg4 Ra6 16. Bxd7 Bxd7 17. a4 Rc6 18. b3 f6 19. Rd2 Rc5 20. Rfd1 Qe8 21. f3 Rg5 22. Rd5 h6 23. Qf2 Bc6 24. h4 Re5 25. f4 Rh5 26. Rxh5 gxh5 27. f5 Rg8 28. Rd3 Kf7 29. Rg3 Qd8 30. Rxg8 Qxg8 31. Qf3 Qg4 32. Qxg4 hxg4 33. Kf2 e5 34. h5 Ke7 35. Kg3 Kd8 36. Kxg4 Kc7 37. Nd5+ Bxd5 38. cxd5 {[%emt 0:00:58] normal} Kb6 39. Kf3 {[%emt 0:00:16] normal} 1-0

[Event "DVM U20 2019"]
[Site "Braunschweig"]
[Date "2019.12.27"]
[Round "2"]
[White "Melde, Benjamin"]
[Black "Hoffmann, Jens"]
[Result "1-0"]
[ECO "A20"]
[WhiteElo "2120"]
[BlackElo "2113"]
[Annotator "NA"]
[PlyCount "72"]
[EventDate "2019.12.27"]
[EventType "team-tourn"]
[EventRounds "7"]
[EventCountry "GER"]
[SourceTitle "playchess.com"]
[Source "ChessBase"]
[SourceQuality "1"]
[WhiteTeam "SK Turm Kleve"]
[BlackTeam "SF HN-Biberach"]
[TimeControl "40/5400+30:1800+30"]

1. c4 e5 2. g3 Nf6 3. Bg2 d5 4. cxd5 Nxd5 5. Nc3 Nb6 6. Nf3 Nc6 7. O-O Be7 8. a3 O-O 9. b4 a6 10. Bb2 Nc4 11. Bc1 Be6 12. d3 Nd6 13. Bb2 f6 14. Rc1 Qd7 15. Na4 Nf5 16. Nd2 Nfd4 17. e3 Nb5 18. Ne4 Bd5 19. Nec5 Bxc5 20. Nxc5 Qf7 21. Nxb7 Rfe8 22. Nc5 Red8 23. Qc2 a5 24. Nb7 Rdb8 25. Bxd5 Qxd5 26. Qxc6 Qxc6 27. Rxc6 Rxb7 28. a4 Na7 29. Ra6 axb4 30. d4 Rab8 31. dxe5 fxe5 32. Bxe5 b3 33. Rb1 Rd8 34. Bd4 Nc8 35. Ra8 Kf7 36. a5 Rb5 {[%emt 0:00:42] normal} 1-0

[Event "DVM U20 2019"]
[Site "Braunschweig"]
[Date "2019.12.27"]
[Round "2"]
[White "Poghosyan, Tigran"]
[Black "Richter, Philipp"]
[Result "1/2-1/2"]
[ECO "C05"]
[WhiteElo "2109"]
[BlackElo "2084"]
[Annotator "NA"]
[PlyCount "48"]
[EventDate "2019.12.27"]
[EventType "team-tourn"]
[EventRounds "7"]
[EventCountry "GER"]
[SourceTitle "playchess.com"]
[Source "ChessBase"]
[SourceQuality "1"]
[WhiteTeam "Lübecker SV"]
[BlackTeam "USV TU Dresden"]
[TimeControl "40/5400+30:1800+30"]

1. e4 e6 2. d4 d5 3. Nd2 Nf6 4. e5 Nfd7 5. Bd3 c5 6. c3 Nc6 7. Ndf3 cxd4 8. cxd4 f6 9. exf6 Nxf6 10. Nh3 Qa5+ 11. Bd2 Bb4 12. Bxb4 Qxb4+ 13. Qd2 Qxd2+ 14. Kxd2 O-O 15. Rhe1 e5 16. Nxe5 Bxh3 17. Nxc6 bxc6 18. gxh3 Nh5 19. Re5 Rxf2+ 20. Ke1 Rxh2 21. Rxh5 Rh1+ 22. Bf1 Rf8 23. Ke2 Rh2+ {[%emt 0:00:06] normal} 24. Ke3 Rh1 {[%emt 0:00:08] normal} 1/2-1/2

[Event "DVM U20 2019"]
[Site "Braunschweig"]
[Date "2019.12.27"]
[Round "2"]
[White "Meiwes, Thore"]
[Black "Koll, Lukas"]
[Result "1-0"]
[ECO "D00"]
[WhiteElo "2106"]
[BlackElo "2093"]
[Annotator "NA"]
[PlyCount "85"]
[EventDate "2019.12.27"]
[EventType "team-tourn"]
[EventRounds "7"]
[EventCountry "GER"]
[SourceTitle "playchess.com"]
[Source "ChessBase"]
[SourceQuality "1"]
[WhiteTeam "SK Lehrte 1919"]
[BlackTeam "Karlsruher SF"]
[TimeControl "40/5400+30:1800+30"]

1. d4 d5 2. Bf4 Nf6 3. e3 c5 4. c3 Nc6 5. Nd2 e6 6. Ngf3 Bd6 7. Bg3 O-O 8. Bd3 b6 9. Qe2 Be7 10. Ne5 Bb7 11. Rd1 a5 12. O-O c4 13. Bb1 b5 14. f4 b4 15. Bh4 a4 16. Rf3 g6 17. Rh3 Ne8 18. Qg4 f5 19. Qg3 Nxe5 20. fxe5 a3 21. Nf3 Rf7 22. Ng5 Bxg5 23. Bxg5 Qc7 24. Rh6 Rg7 25. Qf2 bxc3 26. bxc3 Bc6 27. Rf1 Rb8 28. h4 Rb2 29. Qe1 Qb8 30. h5 gxh5 31. Rxh5 Qb7 32. Kh1 Qf7 33. Qh4 Qg6 34. g4 Bd7 35. gxf5 exf5 36. Rg1 Kh8 37. Rh6 Qf7 38. Rf6 Qg8 39. Qh6 Nc7 40. Bxf5 Bxf5 41. Rxf5 Ne8 42. Rgf1 Rg6 43. Qh4 {[%emt 0:00:00] normal} 1-0

[Event "DVM U20 2019"]
[Site "Braunschweig"]
[Date "2019.12.27"]
[Round "2"]
[White "Garbuz, Vitaliy"]
[Black "Vuckovic, Robert"]
[Result "1-0"]
[ECO "C05"]
[WhiteElo "2064"]
[BlackElo "1897"]
[Annotator "NA"]
[PlyCount "81"]
[EventDate "2019.12.27"]
[EventType "team-tourn"]
[EventRounds "7"]
[EventCountry "GER"]
[SourceTitle "playchess.com"]
[Source "ChessBase"]
[SourceQuality "1"]
[WhiteTeam "SF Brackel"]
[BlackTeam "SF Augsburg"]
[TimeControl "40/5400+30:1800+30"]

1. e4 e6 2. d4 d5 3. Nd2 Nf6 4. e5 Nfd7 5. f4 c5 6. c3 Nc6 7. Ndf3 Qb6 8. g3 cxd4 9. cxd4 Bb4+ 10. Kf2 f6 11. Kg2 O-O 12. Bd3 f5 13. Ne2 Be7 14. a3 a5 15. Nc3 Ndb8 16. h3 Bd7 17. Qe2 Na6 18. g4 Nc7 19. Be3 a4 20. Rac1 Na5 21. Nd2 Rac8 22. Rc2 Nb3 23. Nxb3 axb3 24. Rcc1 Rfd8 25. Kh2 Ne8 26. gxf5 Rxc3 27. Rxc3 exf5 28. Rhc1 g6 29. Qd1 Ba4 30. Be2 Ng7 31. Qd3 Ne6 32. Bd1 Kh8 33. Bxb3 Bb5 34. Qd2 Bc6 35. Bd1 g5 36. fxg5 f4 37. Bxf4 Nxf4 38. Qxf4 Rf8 39. Qd2 Bxg5 40. Qxg5 Qxd4 41. Rf3 {[%emt 0:31:07] normal} 1-0

[Event "DVM U20 2019"]
[Site "Braunschweig"]
[Date "2019.12.27"]
[Round "2"]
[White "Yankelevich, Michael"]
[Black "Wendler, David"]
[Result "1/2-1/2"]
[ECO "B24"]
[WhiteElo "2064"]
[BlackElo "2204"]
[Annotator "NA"]
[PlyCount "48"]
[EventDate "2019.12.27"]
[EventType "team-tourn"]
[EventRounds "7"]
[EventCountry "GER"]
[SourceTitle "playchess.com"]
[Source "ChessBase"]
[SourceQuality "1"]
[WhiteTeam "SG Trier"]
[BlackTeam "SK Bebenhausen"]
[TimeControl "40/5400+30:1800+30"]

1. e4 c5 2. Nc3 Nc6 3. Bb5 Nd4 4. Bc4 g6 5. Nf3 Bg7 6. Nxd4 cxd4 7. Qf3 Nh6 8. d3 O-O 9. Nd5 e6 10. Nf4 d5 11. exd5 e5 12. Nh3 Bg4 13. Qg3 f5 14. Bxh6 Bxh6 15. O-O Qf6 16. f4 Rae8 17. fxe5 Qxe5 18. Qxe5 Rxe5 19. Nf4 Rfe8 20. Ne6 Be3+ 21. Kh1 Kh8 22. h3 Be2 23. Rfe1 {[%emt 0:01:05] normal} R8xe6 24. dxe6 Bf2 1/2-1/2

[Event "DVM U20 2019"]
[Site "Braunschweig"]
[Date "2019.12.27"]
[Round "2"]
[White "Hoffmann, Lennard"]
[Black "Fuhrmann, Äke"]
[Result "1/2-1/2"]
[ECO "B76"]
[WhiteElo "2059"]
[BlackElo "1879"]
[Annotator "NA"]
[PlyCount "88"]
[EventDate "2019.12.27"]
[EventType "team-tourn"]
[EventRounds "7"]
[EventCountry "GER"]
[SourceTitle "playchess.com"]
[Source "ChessBase"]
[SourceQuality "1"]
[WhiteTeam "SG Aufbau Elbe Magdeburg"]
[BlackTeam "Hamburger SK"]
[TimeControl "40/5400+30:1800+30"]

1. e4 c5 2. Nf3 d6 3. d4 cxd4 4. Nxd4 Nf6 5. Nc3 g6 6. Be3 Bg7 7. f3 O-O 8. Qd2 Nc6 9. O-O-O d5 10. exd5 Nxd5 11. Nxc6 bxc6 12. Bd4 Bxd4 13. Qxd4 Qb6 14. Nxd5 cxd5 15. h4 Qxd4 16. Rxd4 Bb7 17. h5 e5 18. Rb4 Bc6 19. Bd3 f5 20. hxg6 hxg6 21. Rbh4 Kf7 22. Rh7+ Ke6 23. R1h6 Rg8 24. g4 e4 25. gxf5+ Kxf5 26. fxe4+ dxe4 27. Bc4 Rgf8 28. Kd2 Kg5 29. Rh2 Rad8+ 30. Ke2 e3 31. R2h3 Bd7 32. Rg3+ Bg4+ 33. Kxe3 Rfe8+ 34. Kf2 Rd2+ 35. Kf1 Rxc2 36. Bd3 Rxb2 37. Rxa7 Kf4 38. Rxg4+ Kxg4 39. Bxg6 Rc8 40. Re7 Rc3 41. Re2 Rf3+ 42. Ke1 Rxe2+ 43. Kxe2 Kg3 44. Bc2 Ra3 {normal} 1/2-1/2

[Event "DVM U20 2019"]
[Site "Braunschweig"]
[Date "2019.12.27"]
[Round "2"]
[White "Geltz, Noah"]
[Black "Wiegersma, Justus"]
[Result "1-0"]
[ECO "A39"]
[WhiteElo "2054"]
[BlackElo "1975"]
[Annotator "NA"]
[PlyCount "68"]
[EventDate "2019.12.27"]
[EventType "team-tourn"]
[EventRounds "7"]
[EventCountry "GER"]
[SourceTitle "playchess.com"]
[Source "ChessBase"]
[SourceQuality "1"]
[WhiteTeam "SF HN-Biberach"]
[BlackTeam "SK Turm Kleve"]
[TimeControl "40/5400+30:1800+30"]

1. Nf3 Nf6 2. c4 g6 3. g3 Bg7 4. Bg2 O-O 5. O-O c5 6. Nc3 Nc6 7. d4 cxd4 8. Nxd4 Nxd4 9. Qxd4 d6 10. Rd1 Qa5 11. Qd3 Qh5 12. e4 Ng4 13. h3 Ne5 14. Qf1 Nf3+ 15. Bxf3 Qxf3 16. Rd3 Qh5 17. g4 Qh4 18. Bf4 h5 19. Bg3 Qg5 20. Nd5 hxg4 21. h4 Qh5 22. Nxe7+ Kh7 23. Nxc8 Raxc8 24. Rxd6 f5 25. Rd5 Qh6 26. exf5 gxf5 27. Qd3 Qg6 28. Re1 Rf7 29. Rd6 Rf6 30. Rxf6 Qxf6 31. Be5 Qf7 32. Bxg7 Kxg7 33. Qd4+ Kg6 34. Qd6+ Kh5 {normal} 1-0